 Dungeon Crawl Stone Soup version 0.25-a0-1024-gbfbf38f2cb (webtiles) character file.

Game seed: 2281286723214265184, levelgen mode: deterministic

33306 tilp the Nimble (level 14, -1/92 HPs)
             Began as a Kobold Arcane Marksman on May 12, 2020.
             Was the Champion of Okawaru.
             Slain by a spiny frog (16 damage)
             ... on level 6 of the Lair of Beasts.
             The game lasted 01:05:14 (23426 turns).

tilp the Nimble (Kobold Arcane Marksman)           Turns: 23426, Time: 01:05:15

Health: -1/92      AC: 13    Str: 11    XL:     14   Next: 7%
Magic:  17/21      EV: 24    Int: 16    God:    Okawaru [******]
Gold:   2420       SH:  0    Dex: 15    Spells: 13/23 levels left

rFire    . . .     SeeInvis .   b - +0 war axe (freeze)
rCold    + . .     Gourm    .   (shield restricted)
rNeg     . . .     Faith    .   P - +2 robe {MR+}
rPois    +         Spirit   .   T - +4 helmet "Riocal" {rC+ Stlth+}
rElec    .         Reflect  .   K - +0 cloak
rCorr    .         Harm     .   C - +0 pair of gloves
MR       ++...                  g - +1 pair of boots {Fly}
Stlth    ++++......             r - amulet of regeneration
HPRegen  0.65/turn              u - ring of poison resistance
MPRegen  0.17/turn              R - +2 ring of slaying

@: flying
A: small, carnivore
a: Heroism, Finesse, Renounce Religion, Stop Flying


You were on level 6 of the Lair of Beasts.
You worshipped Okawaru.
Okawaru was exalted by your worship.
You were very full.

You visited 3 branches of the dungeon, and saw 18 of its levels.

You collected 2698 gold pieces.
You spent 278 gold pieces at shops.

Inventory:

Hand Weapons
 a - a +2 arbalest of flaming
 b - a +0 war axe of freezing (weapon)
 F - a +0 broad axe
 M - a +0 morningstar
 N - a +1 hand crossbow
Missiles
 d - 18 bolts
 e - a throwing net {!f}
 z - 6 curare-tipped darts (quivered)
Armour
 g - a +1 pair of boots of flying (worn)
 C - a +0 pair of gloves (worn)
 D - a +0 buckler
 K - a +0 cloak (worn)
 P - a +2 robe of magic resistance (worn)
 T - the +4 helmet "Riocal" (worn) {rC+ Stlth+}
   (Okawaru gifted it to you on level 4 of the Lair of Beasts)

   It protects you from cold.
   It makes you more stealthy.
Jewellery
 l - an uncursed ring of protection from cold
 r - an amulet of regeneration (around neck)
 t - an uncursed ring of protection from magic
 u - a ring of poison resistance (left hand)
 w - an uncursed ring of flight
 B - an uncursed ring of resist corrosion
 O - a +5 ring of dexterity
 R - a +2 ring of slaying (right hand)
Wands
 q - a wand of flame (13)
 E - a wand of clouds (1)
 G - a wand of paralysis (12)
 H - a wand of digging (4)
 I - a wand of disintegration (21)
 L - a wand of polymorph (11)
 U - a wand of iceblast (11)
Scrolls
 f - 2 scrolls of immolation
 i - 11 scrolls of teleportation
 s - 3 scrolls of fear
 v - 3 scrolls of magic mapping
 x - 5 scrolls of remove curse
 y - 3 scrolls of amnesia
 A - a scroll of enchant weapon
 V - a scroll of blinking
 Y - a scroll of enchant armour {unknown}
Potions
 h - 3 potions of mutation
 k - 2 potions of flight
 m - 2 potions of cancellation
 n - a potion of might
 p - 4 potions of curing
 J - a potion of magic
 S - 2 potions of brilliance
 W - a potion of resistance
 X - a potion of haste
Miscellaneous
 j - a phial of floods
 Q - a lightning rod (4/4)
Comestibles
 c - 28 rations


   Skills:
 - Level 12.0 Fighting
 - Level 2.3 Maces & Flails
 * Level 11.1 Crossbows
 - Level 12.1 Dodging
 - Level 6.0 Stealth
 - Level 4.2 Shields
 + Level 5.2 Spellcasting
 + Level 8.6 Hexes
 + Level 8.8 Invocations
 + Level 5.7 Evocations


You had 13 spell levels left.
You knew the following spells:

 Your Spells              Type           Power        Failure   Level  Hunger
a - Corona                Hex            ####...      1%          1    None
b - Slow                  Hex            ####....     1%          2    #......
c - Portal Projectile     Hex/Tloc       ###...       8%          3    ###....
d - Cause Fear            Hex            ####......   4%          4    ####...

Your spell library contained the following spells:

 Spells                   Type           Power        Failure   Level  Hunger
 Confusing Touch          Hex            ####....     1%          3    ###....
 Inner Flame              Hex/Fire       ###.....     8%          3    ###....
 Beastly Appendage        Tmut           #.....       16%         1    None
 Foxfire                  Conj/Fire      #...         16%         1    None
 Sticks to Snakes         Tmut           #.......     22%         2    #......
 Leda's Liquefaction      Hex/Erth       ###.......   26%         4    ####...
 Conjure Flame            Conj/Fire      #.......     41%         3    ###....
 Gell's Gravitas          Tloc           #.........   41%         3    ###....
 Spider Form              Tmut/Pois      #.........   41%         3    ###....
 Metabolic Englaciation   Hex/Ice        ###.......   56%         5    ######.
 Yara's Violent Unravell  Hex/Tmut       ###.......   56%         5    ######.
 Ice Form                 Ice/Tmut       #.......     83%         4    ####...
 Petrify                  Tmut/Erth      #.......     83%         4    ####...
 Sticky Flame             Conj/Fire      #.......     83%         4    ####...
 Blade Hands              Tmut           #.........   99%         5    ######.
 Fireball                 Conj/Fire      #.........   99%         5    ######.


Dungeon Overview and Level Annotations

Branches:
Dungeon (11/15)            Temple (1/1) D:7            Lair (6/6) D:11
 Spider (0/4) Lair:2          Orc (0/2) D:9
  Swamp: Lair:2-4    Shoals: Lair:2-4     Slime: Lair:5-6

Altars:
Ashenzari
Cheibriados
Dithmenos
Elyvilon
Fedhas
Gozag
Hepliaklqana
Kikubaaqudgha
Makhleb
Nemelex Xobeh
Okawaru
Qazlal
Ru
Sif Muna
Trog
Uskayaw
Vehumet
Wu Jian
Xom
Yredelemnul
Zin
The Shining One

Shops:
D:4 [   D:5 *

Annotations:
D:5 Prince Ribbit
D:10 exclusion: 3 killer bees
D:11 exclusion: cyclops
Lair:2 5 exclusions, Gastronok, Urug


Innate Abilities, Weirdness & Mutations

You are small and have problems with some larger weapons.
You are carnivorous and can eat meat at any time.


Message History

The blink frog blinks!
Unknown command.
You miss the blink frog.
The blink frog is lightly wounded.
You hit the spiny frog but do no damage.
Your attack snaps the spiny frog out of its fear.
You hit the plant but do no damage. You hit the plant. You freeze the plant.
The spiny frog is no longer moving slowly.
The blink frog misses you. The blink frog completely misses you.
The spiny frog stings you but does no damage.
The blink frog blinks!
The spiny frog stings you.
* * * LOW HITPOINT WARNING * * *
The blink frog completely misses you.
Okay, then.
You feel better. The blink frog barely misses you.
The spiny frog completely misses you.
Unknown command.
The blink frog closely misses you. The blink frog barely misses you.
The spiny frog stings you!
You die...

####
##.P###
#.....#
##...P#
###F@###
#PFF.#
##....#
##..##
##.# ((
(.. ..P#
...#


You could see a spiny frog and 2 blink frogs.

Vanquished Creatures
  Josephine (Lair:4)
  4 hydras
  5 death yaks
  5 oklob plants
  A centaur zombie (D:10)
  6 elephants
  5 black mambas
  5 spiny frogs
  2 rime drakes
  A kobold demonologist (D:8)
  4 komodo dragons
  2 ice devils (Lair:4)
  A troll (D:10)
  2 polar bears
  2 bog bodies (Lair:2)
  5 hippogriffs
  15 blink frogs
  6 dream sheep
  14 yaks
  A spriggan (D:7)
  4 wraiths (Lair:4)
  A basilisk (Lair:2)
  A fire bat (Lair:2)
  A steam dragon (D:11)
  8 water moccasins
  3 orc warriors
  5 porcupines
  A necrophage (D:11)
  4 sky beasts
  2 black bears
  An eye of draining (D:11)
  5 ice beasts
  A phantom (D:11)
  2 ogres
  5 wolves
  2 centaurs
  14 crocodiles
  13 big kobolds
  9 bullfrogs
  A wyvern skeleton (D:8)
  2 scorpions (D:7)
  A killer bee (D:10)
  5 wights (D:8)
  4 howler monkeys
  2 crimson imps
  3 hounds
  2 quasits
  2 jellies
  3 bullfrog skeletons
  4 orc priests
  3 centaur skeletons
  3 iguanas
  8 orc wizards
  4 worker ants
  2 hound zombies
  3 hound skeletons
  A howler monkey zombie (D:5)
  3 worker ant zombies
  13 adders
  3 oozes
  3 adder skeletons
  3 dart slugs
  5 leopard geckos
  37 orcs
  3 ball pythons
  7 giant cockroaches
  10 goblins
  5 hobgoblins
  14 jackals
  A quokka (D:6)
  6 bats
  11 frilled lizards
  22 kobolds
  8 rats
  5 plants
381 creatures vanquished.

Vanquished Creatures (others)
  3 fungi
  A plant (D:11)
4 creatures vanquished.

Grand Total: 385 creatures vanquished

Notes
Turn   | Place    | Note
-------+----------+-------------------------------------------
     0 | D:1      | tilp the Kobold Arcane Marksman began the quest for the
                  | Orb.
     0 | D:1      | Reached XP level 1. HP: 12/12 MP: 2/2
   404 | D:1      | Reached XP level 2. HP: 17/17 MP: 1/3
   408 | D:1      | Learned a level 2 spell: Slow
  1055 | D:1      | Reached XP level 3. HP: 23/23 MP: 4/4
  2075 | D:2      | Reached XP level 4. HP: 18/29 MP: 3/5
  2861 | D:2      | Reached XP level 5. HP: 17/33 MP: 5/8
  4061 | D:3      | Reached XP level 6. HP: 10/38 MP: 7/9
  4481 | D:3      | Found a stormy altar of Qazlal.
  4770 | D:3      | Reached skill level 5 in Hexes
  5171 | D:4      | Found Neas's Antique Armour Boutique.
  5188 | D:4      | Bought a pair of boots for 112 gold pieces
  5188 | D:4      | Bought a buckler for 112 gold pieces
  5228 | D:4      | Reached XP level 7. HP: 43/43 MP: 10/10
  5683 | D:5      | Entered Level 5 of the Dungeon
  5683 | D:5      | Noticed Prince Ribbit
  5725 | D:4      | Reached skill level 1 in Shields
  6058 | D:5      | Found Vapeuw's General Store.
  6068 | D:5      | Reached skill level 1 in Evocations
  6087 | D:5      | Bought a scroll of magic mapping for 42 gold pieces
  6087 | D:5      | Bought a potion of degeneration for 12 gold pieces
  7063 | D:6      | Found a glowing silver altar of Zin.
  7299 | D:6      | Reached XP level 8. HP: 32/48 MP: 8/11
  7751 | D:6      | Learned a level 3 spell: Portal Projectile
  7756 | D:6      | Learned a level 4 spell: Cause Fear
  8174 | D:7      | HP: 1/48 [orc priest/divine providence (16)]
  8181 | D:7      | Reached skill level 5 in Crossbows
  8350 | D:6      | Reached skill level 1 in Stealth
  8350 | D:6      | Reached XP level 9. HP: 46/52 MP: 12/12
  8801 | D:7      | Noticed a hippogriff
  8968 | D:7      | Found a sparkling altar of Nemelex Xobeh.
  8999 | D:7      | Reached skill level 5 in Fighting
  9007 | D:7      | Found a staircase to the Ecumenical Temple.
  9111 | Temple   | Entered the Ecumenical Temple
  9210 | Temple   | Became a worshipper of Warmaster Okawaru
  9331 | D:7      | Killed a hippogriff
  9331 | D:7      | Reached skill level 5 in Dodging
  9858 | D:7      | Reached * piety under Okawaru
  9964 | D:8      | Reached XP level 10. HP: 51/60 MP: 11/13
 10062 | D:8      | Noticed a kobold demonologist
 10477 | D:8      | Reached ** piety under Okawaru
 10525 | D:8      | Reached skill level 10 in Dodging
 10905 | D:8      | Killed a kobold demonologist
 11223 | D:9      | You fall into a shaft and drop 2 floors!
 11223 | D:11     | Found a staircase to the Lair.
 11224 | D:11     | Noticed an oklob plant
 11297 | D:11     | Noticed an oklob plant
 11430 | D:10     | Entered Level 10 of the Dungeon
 11451 | D:10     | Reached *** piety under Okawaru
 11490 | D:9      | Found a staircase to the Orcish Mines.
 11498 | D:9      | Found a bloodstained altar of Trog.
 12165 | D:10     | Reached XP level 11. HP: 64/64 MP: 12/14
 12302 | D:10     | Reached skill level 5 in Invocations
 12330 | D:10     | Reached **** piety under Okawaru
 12559 | D:10     | Found a sacrificial altar of Ru.
 13732 | D:11     | Noticed a cyclops
 14294 | D:11     | Noticed a cyclops
 14617 | D:11     | Killed an oklob plant
 14780 | D:11     | Killed an oklob plant
 14914 | Lair:1   | Entered Level 1 of the Lair of Beasts
 15108 | Lair:1   | Noticed a seven-headed hydra
 15127 | Lair:1   | Killed a seven-headed hydra
 15334 | Lair:1   | Reached ***** piety under Okawaru
 15820 | Lair:1   | Reached XP level 12. HP: 33/71 MP: 13/18
 16657 | Lair:2   | Found a hole to the Spider Nest.
 16785 | Lair:2   | Noticed a five-headed hydra
 16795 | Lair:2   | Killed a five-headed hydra
 16815 | Lair:2   | Noticed Gastronok
 17027 | Lair:2   | Noticed Urug
 18287 | Lair:3   | Received a gift from Okawaru
 18902 | Lair:3   | Reached skill level 10 in Crossbows
 19132 | Lair:4   | Noticed a six-headed hydra
 19166 | Lair:4   | Killed a six-headed hydra
 19166 | Lair:4   | Reached skill level 10 in Fighting
 19166 | Lair:4   | Reached skill level 1 in Maces & Flails
 19166 | Lair:4   | Reached XP level 13. HP: 53/82 MP: 13/19
 19311 | Lair:4   | Noticed Josephine
 19478 | Lair:4   | Reached ****** piety under Okawaru
 19549 | Lair:4   | Killed Josephine
 21283 | Lair:5   | Reached skill level 5 in Stealth
 21775 | Lair:4   | Identified 2 scrolls of acquirement
 21865 | Lair:4   | Received a gift from Okawaru
 22164 | Lair:4   | Received a gift from Okawaru
 22165 | Lair:4   | Got a smoking helmet {god gift}
 22178 | Lair:4   | Identified the +4 helmet "Riocal" {rC+ Stlth+} (Okawaru
                  | gifted it to you on level 4 of the Lair of Beasts)
 22412 | Lair:4   | Reached skill level 5 in Evocations
 22925 | Lair:5   | Reached skill level 5 in Spellcasting
 22933 | Lair:5   | Reached XP level 14. HP: 92/92 MP: 21/21
 23401 | Lair:6   | Entered Level 6 of the Lair of Beasts
 23426 | Lair:6   | Slain by a spiny frog

Illustrated notes

Levels and vault maps discovered:
D:1:      dpeg_arrival_tiny_i, layout_loops_corners, minmay_lizard_pond
D:2:      minmay_razor_zed, layout_rooms, first_ration
D:3:      layout_basic, nicolae_qazlal_eye_of_the_storm
D:4:      layout_loops_ring, serial_shops, shop
D:5:      layout_basic, serial_shops, nicolae_shop_trees, uniq_prince_ribbit1
D:6:      cheibrodos_thug_alley, layout_loops_ring, basic_altar, serial_rivers,
          chequers_serial_rivers_micro_d, chequers_serial_rivers_micro_c,
          chequers_serial_rivers_micro_a, chequers_serial_rivers_small_3,
          chequers_serial_rivers_marsh, chequers_serial_rivers_room_a,
          roderic_roman_lattice, hangedman_decor_lopped
D:7:      layout_basic, nemelex_xobeh_ov_fountains_minmay,
          minmay_temple_entry_statues, the_bakery
D:8:      layout_rooms, special_room [special_room_kobold],
          kennysheep_pointless_box
D:9:      layout_cave_pods, orc_0_dummy, basic_altar
D:10:     layout_stronghold, nicolae_ru_sacrificial_ziggurat
D:11:     layout_roguey, dpeg_oklobed_lair, grunt_ministairs_9,
          chequers_serial_rivers_marsh, nicolae_sextant,
          minmay_misc_feat_nine_boxes, serial_bayou_pond_d, minmay_orc_keep
Temple:   kilobyte_greek_temple
Lair:1:   layout_regular_city, infiniplex_staircase_pool_2
Lair:2:   layout_hall_layers, nicolae_swamp_entry_splash_gauntlet,
          dummy_spider_entry, nicolae_volcano_entry_batcave, uniq_gastronok,
          uniq_urug
Lair:3:   dpeg_oklob_gauntlet, layout_regular_city, hibernation_bobbens,
          grunt_megastairs_1
Lair:4:   layout_cave_shapes, portal_ice_cave_demonic_guard, uniq_josephine
Lair:5:   layout_hall_layers, grunt_megastairs_4
Lair:6:   evilmike_catoblepas_cave, layout_layer_cave,
          dpeg_slime_entry_enclosed_altar, basic_altar

Skill      XL: |  1  2  3  4  5  6  7  8  9 10 11 12 13 14 |
---------------+-------------------------------------------+-----
Fighting       | 2 3 4 6 10 12 | 12.0
Spellcasting   | 2 4 5 |  5.2
Hexes          | 4 6 8 |  8.6
Shields        | 3 4 |  4.2
Evocations     | 3 4 5 |  5.7
Crossbows      | 6 10 11 | 11.1
Stealth        | 1 4 6 |  6.0
Dodging        | 7 12 | 12.1
Invocations    | 3 8 |  8.8
Maces & Flails | 1 2 |  2.3

Action                   |  1- 3 |  4- 6 |  7- 9 | 10-12 | 13-15 || total
-------------------------+-------+-------+-------+-------+-------++-------
Melee: Dagger            |    88 |   120 |       |       |       ||   208
       Trident           |       |    13 |       |       |       ||    13
       Hand axe          |       |    54 |   249 |     7 |       ||   310
       Scimitar          |       |       |       |   380 |       ||   380
       War axe           |       |       |       |   129 |   156 ||   285
 Fire: Hand crossbow     |    24 |    92 |   156 |   417 |   164 ||   853
       Arbalest          |       |       |       |       |   132 ||   132
 Cast: Corona            |    21 |    34 |    42 |    60 |       ||   157
       Slow              |     2 |     3 |    13 |    47 |       ||    65
       Cause Fear        |       |       |       |       |     3 ||     3
Invok: Heroism           |       |       |     1 |     8 |     6 ||    15
Evoke: Wand              |       |       |       |     3 |     1 ||     4
       Phial of floods   |       |       |       |     1 |       ||     1
       Lightning rod     |       |       |       |       |     3 ||     3
  Use: Scroll            |     1 |     5 |     3 |    10 |     3 ||    22
       Potion            |       |       |     3 |     3 |     1 ||     7
 Stab: Distracted        |       |       |       |     1 |       ||     1
  Eat: Chunk             |    11 |    13 |    17 |    29 |    18 ||    88
Armor: Robe              |     1 |       |       |       |    52 ||    53
       Leather armour    |    11 |    74 |    93 |    88 |     4 ||   270
Dodge: Dodged            |    61 |   215 |   225 |   571 |   385 ||  1457
Block: Buckler           |       |       |    57 |   177 |    82 ||   316
       Rpst.: Scimitar   |       |       |       |   101 |       ||   101

Table legend:
 A = Non-vault XP
 B = Vault XP
 C = Vault XP percentage of total XP
 D = Non-vault monster count
 E = Vault monster count
 F = Vault count percentage of total count
                 A         B        C        D         E       F
            +---------+---------+-------+---------+---------+-------
      Total |   35918 |   11662 |  24.5 |     297 |      79 |  21.0
            +---------+---------+-------+---------+---------+-------
        D:1 |      24 |       6 |  20.0 |      14 |       6 |  30.0
        D:2 |      89 |      34 |  27.6 |      18 |      10 |  35.7
        D:3 |     186 |       0 |   0.0 |      32 |       0 |   0.0
        D:4 |     221 |       0 |   0.0 |      23 |       0 |   0.0
        D:5 |     236 |       0 |   0.0 |      10 |       0 |   0.0
        D:6 |     836 |     117 |  12.3 |      14 |      11 |  44.0
        D:7 |    1362 |     215 |  13.6 |      26 |       1 |   3.7
        D:8 |     944 |    1554 |  62.2 |      18 |      19 |  51.4
        D:9 |     459 |       0 |   0.0 |       9 |       0 |   0.0
       D:10 |    3421 |       0 |   0.0 |      27 |       0 |   0.0
       D:11 |    1142 |    1357 |  54.3 |      18 |       6 |  25.0
     Lair:1 |    4296 |       0 |   0.0 |      14 |       0 |   0.0
     Lair:2 |    3704 |    1618 |  30.4 |      13 |       6 |  31.6
     Lair:3 |    2199 |    2253 |  50.6 |      12 |       5 |  29.4
     Lair:4 |    7885 |    3522 |  30.9 |      25 |      11 |  30.6
     Lair:5 |    8811 |     986 |  10.1 |      23 |       4 |  14.8
     Lair:6 |     103 |       0 |   0.0 |       1 |       0 |   0.0
            +---------+---------+-------+---------+---------+-------
